 Dungeon Crawl Stone Soup version 0.25-a0-547-g27a0b5d1ef (webtiles) character file.

Game seed: 4497743081366359112, levelgen mode: deterministic

8 vurker the Gusty (level 2, 0/12 HPs)
             Began as a Felid Air Elementalist on Feb 21, 2020.
             Slain by a jackal (2 damage)
             ... on level 1 of the Dungeon.
             The game lasted 00:00:27 (359 turns).

vurker the Gusty (Felid Air Elementalist)            Turns: 359, Time: 00:00:27

Health: 0/12       AC:  1    Str:  4    XL:     2   Next: 0%
Magic:  0/6        EV: 18    Int: 16    God:
Gold:   0          SH:  0    Dex: 16    Spells: 4/5 levels left
                                        Lives:  0   Deaths: 0

rFire    . . .     SeeInvis +   (weapon unavailable)
rCold    . . .     Gourm    .   (shield unavailable)
rNeg     . . .     Faith    .   (armour unavailable)
rPois    .         Spirit   .   (helmet unavailable)
rElec    .         Reflect  .   (cloak unavailable)
rCorr    .         Harm     .   (gloves unavailable)
MR       .....                  (boots unavailable)
Stlth    +++.......             (no amulet)
HPRegen  0.04/turn              (no ring)
MPRegen  0.10/turn              (no ring)

@: quick
A: very small, no armour, no weapons or thrown items, stealth, claws 1, fangs 3,
see invisible, carnivore, speed 1, shaggy fur 1, slow metabolism 1, sharp paws
a: no special abilities


You were on level 1 of the Dungeon.
You were not hungry.

You visited 1 branch of the dungeon, and saw 1 of its levels.

Inventory:

Scrolls
 b - 2 scrolls of remove curse {unknown}
Potions
 a - a potion of stabbing {unknown}
 c - 2 potions of might {unknown}
Comestibles
 e - 2 rations


   Skills:
 + Level 0.4 Fighting
 - Level 2.6 Dodging
 - Level 2.6 Stealth
 * Level 2.2 Spellcasting
 + Level 1.0 Conjurations
 * Level 2.9 Air Magic


You had 4 spell levels left.
You knew the following spells:

 Your Spells              Type           Power        Failure   Level  Hunger
a - Shock                 Conj/Air       #...         9%          1    #......

Your spell library contained the following spells:

 Spells                   Type           Power        Failure   Level  Hunger
 Swiftness                Chrm/Air       #.......     17%         2    ###....
 Static Discharge         Conj/Air       #.......     26%         3    ###....
 Airstrike                Air            ##........   52%         4    #####..
 Lightning Bolt           Conj/Air       #.........   94%         5    ######.


Dungeon Overview and Level Annotations

Branches:
Dungeon (1/15)

Altars:


Innate Abilities, Weirdness & Mutations

You cannot wear armour.
You are incapable of wielding weapons or throwing items.
Your paws allow you to move quietly. (Stealth)
You have sharp claws.
You have razor-sharp teeth.
You have supernaturally acute eyesight. (SInv)
You are carnivorous and can eat meat at any time.
You cover ground quickly.
You are covered in fur. (AC +1)
You have a slow metabolism.
Your sharp claws are effective at attacking unaware monsters.


Message History

b - 2 scrolls labeled SIRHEU FOTAOCS (gained 1)
Found 2 coppery potions.
c - 2 coppery potions 4 jackals come into view.
There are monsters nearby!
There are monsters nearby!
There are monsters nearby!
Aim: a jackal (resting)
The zap hits the jackal.
The jackal barks!
The zap misses the jackal.
The zap hits the jackal.
The jackal barks!
Aim: a jackal (almost dead)
The zap hits the jackal.
You kill the jackal!
The zap hits the jackal.
The zap hits the jackal.
You kill the jackal!
Aim: a jackal The zap hits the jackal.
The zap misses the jackal.
You don't have enough magic to cast that spell.
You barely miss the jackal. The jackal closely misses you.
You scratch the jackal.
You kill the jackal!
You have reached level 2!
The jackal misses you. The jackal closely misses you.
You closely miss the jackal. The jackal misses you.
You scratch the jackal but do no damage.
The jackal bites you but does no damage.
The jackal bites you.
You completely miss the jackal. Your bite misses the jackal.
The jackal misses you.
You closely miss the jackal. The jackal bites you.
You closely miss the jackal. The jackal misses you.
The jackal barely misses you.
You scratch the jackal. Your bite misses the jackal.
The jackal closely misses you.
You scratch the jackal but do no damage.
The jackal bites you. x2
* * * LOW HITPOINT WARNING * * *
The zap misses the jackal.
The zap hits the jackal.
The jackal bites you.
* * * LOW HITPOINT WARNING * * *
The jackal misses you. The jackal bites you.
* * * LOW HITPOINT WARNING * * *
The zap hits the jackal. x2; The jackal misses you.
You closely miss the jackal. The jackal misses you.
You scratch the jackal but do no damage.
The jackal bites you.
You die...

........#.#..###...........
#.#.#.......#########
..#.#.#.####..#........
#.#.#.#.#.....#........
#.#.#.#.#.#...........#
#.#.#.#.#.............≈
#.#.#.#.##.#........≈≈≈
#.#.#.#....#≈≈≈≈≈..≈≈≈≈
#.#..h@....#≈≈≈≈≈≈≈≈...
#.###.####.#...≈≈≈≈....
#......................
###.#.###..........≈≈≈≈
#.....###........≈≈≈≈≈≈
#.#........#.≈≈≈≈≈≈≈≈≈≈
#.#######.##≈≈≈≈≈≈≈≈... #.#
#.##≈≈......... #.#
#.#############


You could see a jackal.

Vanquished Creatures
  A hobgoblin (D:1)
  3 jackals (D:1)
  2 kobolds (D:1)
  A rat (D:1)
7 creatures vanquished.

Notes
Turn   | Place    | Note
-------+----------+-------------------------------------------
     0 | D:1      | vurker the Felid Air Elementalist began the quest for the
                  | Orb.
     0 | D:1      | Reached XP level 1. HP: 7/7 MP: 4/4
   209 | D:1      | Reached skill level 1 in Conjurations
   339 | D:1      | Reached XP level 2. HP: 12/12 MP: 0/6
   359 | D:1      | Slain by a jackal

Levels and vault maps discovered:
D:1:      dpeg_arrival_chase, layout_basic

Skill      XL: |  1 |
---------------+----+-----
Conjurations   | 1 |  1.0
Fighting       | |  0.4
Dodging        | |  2.6
Stealth        | |  2.6
Spellcasting   | |  2.2
Air Magic      | |  2.9

Action                   || total
-------------------------++-------
Melee: Unarmed           ||    16
 Cast: Shock             ||    13
  Eat: Chunk             ||     1
Armor: Skin              ||     1
Dodge: Dodged            ||    14

Table legend:
 A = Non-vault XP
 B = Vault XP
 C = Vault XP percentage of total XP
 D = Non-vault monster count
 E = Vault monster count
 F = Vault count percentage of total count
                 A         B        C        D         E       F
            +---------+---------+-------+---------+---------+-------
      Total |      12 |       0 |   0.0 |       7 |       0 |   0.0
            +---------+---------+-------+---------+---------+-------
        D:1 |      12 |       0 |   0.0 |       7 |       0 |   0.0
            +---------+---------+-------+---------+---------+-------
